 Dungeon Crawl Stone Soup version 0.27.1-33-g824d729ab1 (webtiles) character file.

Game seed: 3309592852910535705

244 dianekeaton the Cudgeller (level 5, -1/45 HPs)
             Began as a Minotaur Berserker on Dec 6, 2021.
             Was a Believer of Trog.
             Killed by divine providence
             ... invoked by an orc priest
              (15 damage)
             ... on level 4 of the Dungeon.
             The game lasted 00:08:16 (2699 turns).

dianekeaton the Cudgeller (Minotaur Berserker)      Turns: 2699, Time: 00:08:17

Health: -1/45      AC:  6    Str: 22    XL:     5   Next: 83%
Magic:  4/4        EV: 11    Int:  4    God:    Trog [**....]
Gold:   221        SH:  0    Dex: 10    Spells: 4/4 levels left

rFire    . . .     SeeInvis .   i - +1 club (spect)
rCold    . . .     Faith    .   (no shield)
rNeg     . . .     Spirit   .   c - +1 ring mail
rPois    .         Reflect  .   (helmet restricted)
rElec    .         Harm     .   (no cloak)
rCorr    .         Rampage  .   (no gloves)
Will     ++...                  (no boots)
Stlth    +.........             b - amulet of regeneration
HPRegen  2.15/turn              (no ring)
MPRegen  0.09/turn              (no ring)

@: lethally poisoned (-1 -> -1), strong-willed, regenerating
A: horns 2, retaliatory headbutt
a: Renounce Religion, Berserk, Trog's Hand


You were on level 4 of the Dungeon.
You worshipped Trog.
Trog was pleased with you.
You visited 1 branch of the dungeon, and saw 4 of its levels.

You collected 221 gold pieces.

Inventory:

Hand Weapons
 a - a +0 mace of electrocution
 i - a +1 spectral club (weapon)
Armour
 c - a +1 ring mail (worn)
Jewellery
 b - an amulet of regeneration (around neck)
Scrolls
 f - a scroll of vulnerability {unknown}
Potions
 d - 3 potions of flight
 e - a potion of heal wounds {unknown}
 g - 3 potions of lignification {unknown}
 h - 4 potions of curing {unknown}


   Skills:
 - Level 3.6 Fighting
 + Level 7.9 Maces & Flails
 - Level 2.4 Armour
 - Level 2.1 Dodging
 - Level 0.5 Stealth


You had 4 spell levels left.
You didn't know any spells.
Your spell library was empty.

Dungeon Overview and Level Annotations

Branches:
Dungeon (4/15)             Temple (0/1) D:4

Altars:
Yredelemnul
Jiyva


Innate Abilities, Weirdness & Mutations

You have a pair of horns on your head.
You reflexively headbutt those who attack you in melee.


Message History

The orc wizard gestures at you while chanting.
The magic dart hits you.
The orc hits you with a +1 hand axe of electrocution.
The orc wizard hits you with a +3 dagger of venom.
You are poisoned.
The orc closely misses you.
You hit the orc wizard but do no damage.
Your +1 spectral club hits the orc wizard!
You feel sick. The orc hits you but does no damage.
The kobold closely misses you. You furiously retaliate!
You headbutt the kobold.
You kill the kobold!
Trog accepts your kill.
You closely miss the orc wizard. Your headbutt misses the orc wizard.
The orc wizard is severely wounded.
Your +1 spectral club hits the orc wizard.
You kill the orc wizard!
Trog accepts your kill.
Trog appreciates your killing of a magic user.
You feel sick.
The orc hits you with a +1 hand axe of electrocution.
You are electrocuted!!
The orc hits your +1 spectral club but does no damage.
The orc hits you but does no damage. The orc completely misses you.
The orc priest hits your +1 spectral club with a +0 club.
Your spectral weapon shares its damage with you!
Your skin crawls.
You feel strong-willed.
You feel sick.
The orc hits you with a +1 hand axe of electrocution.
The orc hits you with a +0 club. The orc hits you but does no damage.
You hit the orc priest.
The orc priest is moderately wounded.
Your +1 spectral club hits the orc priest but does no damage.
You feel sick.
The orc hits you with a +1 hand axe of electrocution.
The orc closely misses you. You furiously retaliate!
You headbutt the orc.
The orc priest mumbles some strange prayers to Beogh against you.
Beogh smites you!
You die...

#...##...##.##...#
#...##...##.###.#..
.........##.# #.####
..>....#.##.# #..
.......#.##<# #.#
#...##.#.#### #.########
#...##....# #.........
.......##.# #.(o......
####....#.## #.@o......
#####.#.#..####)oo......
..# #.#.#............/..
#.###.#.#...###...:.....
......#.#.#.# #.#####+##
.######.#.#.# #.#
.'......#.#.. #.#
.########.##.##.# .# #.#
.##.#


You could see an orc priest, 3 orcs and a friendly +1 spectral club (summoned).

Vanquished Creatures
  A scorpion (D:4)
  A jelly (D:4)
  An orc wizard (D:4)
  Robin (D:3)
  3 gnolls (D:4)
  2 adders
  11 endoplasms
  5 giant cockroaches
  15 goblins
  4 hobgoblins
  2 quokkas (D:3)
  8 ball pythons
  5 bats
  7 frilled lizards
  2 kobolds
  8 rats
76 creatures vanquished.

Notes
Turn   | Place    | Note
-------+----------+-------------------------------------------
     0 | D:1      | dianekeaton the Minotaur Berserker began the quest for the
                  | Orb.
     0 | D:1      | Reached XP level 1. HP: 19/19 MP: 0/0
    85 | D:1      | Found a viscous altar of Jiyva.
    85 | D:1      | Noticed a jelly
    85 | D:1      | Noticed a jelly
    85 | D:1      | Noticed a jelly
    85 | D:1      | Noticed a jelly
    85 | D:1      | Noticed a jelly
    93 | D:1      | Noticed a jelly
    93 | D:1      | Noticed a jelly
   259 | D:1      | Reached skill level 4 in Maces & Flails
   480 | D:1      | Reached XP level 2. HP: 25/26 MP: 1/1
  1198 | D:2      | Reached skill level 5 in Maces & Flails
  1344 | D:2      | Reached XP level 3. HP: 29/31 MP: 2/2
  1466 | D:2      | Found a basalt altar of Yredelemnul.
  1784 | D:3      | Reached ** piety under Trog
  2112 | D:3      | Noticed Robin
  2121 | D:3      | Reached XP level 4. HP: 39/39 MP: 3/3
  2127 | D:3      | Killed Robin
  2128 | D:3      | Reached skill level 6 in Maces & Flails
  2462 | D:4      | Found a staircase to the Ecumenical Temple.
  2530 | D:4      | Reached XP level 5. HP: 32/45 MP: 4/4
  2602 | D:4      | Reached skill level 7 in Maces & Flails
  2696 | D:4      | Reached *** piety under Trog
  2699 | D:4      | Killed from afar by an orc priest

Illustrated notes

Levels and vault maps discovered:
D:1:      erik_arrival_cave_to_civilisation [erik_arrival_cave_to_temple],
          layout_basic
D:2:      layout_rooms, basic_altar, kennysheep_generic_room_11
D:3:      layout_basic, uniq_robin
D:4:      layout_basic, minmay_temple_entry_stoned_glass

Skill      XL: |  1  2  3  4  5 |
---------------+----------------+-----
Maces & Flails | 4 5 6 7 |  7.9
Fighting       | |  3.6
Armour         | |  2.4
Dodging        | |  2.1
Stealth        | |  0.5

Action                   |  1- 3 |  4- 6 || total
-------------------------+-------+-------++-------
Melee: Mace              |    82 |     8 ||    90
       Headbutt          |    10 |     9 ||    19
       Club              |       |    26 ||    26
Invok: Berserk           |     1 |       ||     1
       Trog's Hand       |       |     1 ||     1
  Use: Scroll            |     3 |     1 ||     4
Armor: Ring mail         |    37 |     8 ||    45
Dodge: Dodged            |    77 |    19 ||    96
